 Dungeon Crawl Stone Soup version 0.30-a0-808-g6e0788376e (webtiles) character file.

Game seed: 8400627124319136478

332 arthad the Caller (level 6, 0/25 HPs)
             Began as a Felid Summoner on Feb 26, 2023.
             Killed from afar by an orc wizard (10 damage)
             ... with a magic dart
             ... on level 4 of the Dungeon.
             The game lasted 00:15:12 (4218 turns).

arthad the Caller (Felid Summoner)                  Turns: 4218, Time: 00:15:13

Health: 0/25       AC:  2    Str:  4    XL:     6   Next: 26%
Magic:  10/11      EV: 18    Int: 19    God:
Gold:   172        SH:  0    Dex: 16    Spells: 2/11 levels left
                                        Lives:  0   Deaths: 1

rFire   . . .      SeeInvis +      - Unarmed
rCold   . . .      Faith    .    (shield unavailable)
rNeg    . . .      Spirit   .    (body armour unavailable)
rPois   .          Reflect  .    (helmet unavailable)
rElec   .          Harm     .    (cloak unavailable)
rCorr   .          Rampage  .    (gloves unavailable)
Will    .....                    (boots unavailable)
Stlth   ++                       (no amulet)
HPRegen 0.24/turn                (no ring)
MPRegen 0.12/turn                (no ring)

@: quick
A: very small, claws 1, fangs 3, see invisible, speed 1, shaggy fur 2, stealthy
paws, no weapons or thrown items, no armour, multi-lived
a: no special abilities


You were on level 4 of the Dungeon.
You visited 1 branch of the dungeon, and saw 4 of its levels.
You also visited: Sewer.

You collected 214 gold pieces.
You spent 42 gold pieces at shops.

Inventory:

Scrolls
 a - a scroll of teleportation
 c - a scroll of blinking
 d - a scroll of magic mapping
 e - 2 scrolls of identify
Potions
 b - 2 potions of curing
 f - 2 potions of invisibility {unknown}
 g - 2 potions of might {unknown}


   Skills:
 + Level 1.1 Fighting
 + Level 3.2 Dodging
 - Level 2.6 Stealth
 + Level 1.1 Unarmed Combat
 * Level 3.1 Spellcasting
 * Level 3.9 Hexes
 * Level 5.9 Summonings
 * Level 1.4 Air Magic


You had 2 spell levels left.
You knew the following spells:

 Your Spells              Type           Power      Damage    Failure   Level
a - Summon Small Mammal   Summ           100%       N/A       1%          1
b - Call Imp              Summ           25%        N/A       1%          2
c - Call Canine Familiar  Summ           25%        N/A       3%          3
d - Summon Guardian Gole  Hex/Summ       21%        N/A       6%          3

Your spell library contained the following spells:

 Spells                   Type           Power      Damage    Failure   Level
 Sandblast                Erth           6%         2d5       16%         1
 Passwall                 Tmut/Erth      2%         N/A       22%         2
 Summon Lightning Spire   Summ/Air       17%        N/A       32%         4
 Stone Arrow              Conj/Erth      6%         3d7       41%         3


Dungeon Overview and Level Annotations

Branches:
Dungeon (4/15)              Sewer (visited)
 Temple: D:4-7

Altars:
Elyvilon
Fedhas
Okawaru
Trog
Uskayaw
Xom

Shops:
D:1 ?   D:2 !


Innate Abilities, Weirdness & Mutations

You have sharp claws.
You have razor-sharp teeth.
You have supernaturally acute eyesight. (SInv)
You cover ground quickly. (Speed+)
You are covered in thick fur. (AC +2)
Your paws help you pounce on unaware monsters.
You are incapable of wielding weapons or throwing items.
You cannot wear armour.
You gain extra lives every three experience levels.


Message History

An adder comes into view.
Found a robe.
An adder is nearby!
The adder hisses angrily.
Your crimson imp disappears in a puff of smoke!
An orc wizard comes into view. It is wielding a +0 dagger.
The adder bites your hound.
Your hound bites the adder.
The adder barely misses your hound.
Your hound bites the adder.
The adder bites your hound.
Your hound is poisoned.
The adder poisons your hound!
Your hound completely misses the adder.
The orc wizard casts a spell at you.
You easily resist.
The adder misses your hound.
Your hound misses the adder. Your hound misses the adder.
The adder bites your hound but does no damage.
An orc comes into view. It is wielding a +0 short sword.
Your hound bites the adder.
The adder bites your hound.
Your hound barely misses the adder.
The adder bites your hound.
Your hound barely misses the adder.
An orc comes into view. It is wielding a +0 hand axe.
The orc wizard completely misses your hound.
The adder closely misses your hound.
Your hound barely misses the adder.
The adder bites your hound.
An orc comes into view. It is wielding a +0 flail.
The orc wizard closely misses your hound.
Your hound barely misses the adder.
Your hound looks more healthy.
The adder closely misses your hound.
Your hound misses the adder.
The orc wizard points at you and mumbles some strange words.
The puff of flame hits you! The adder misses your hound.
Your hound disappears in a puff of smoke!
The orc wizard points at you and mumbles some strange words.
The magic dart hits you. The adder bites you. The adder completely misses you.
The orc misses you. The adder closely misses you. The orc closely misses you.
The orc wizard gestures at you while chanting.
The magic dart hits you!
You die...

.......... #........
#....... .....[#+#
#....#.# #oo..#.#
#.So.#.# #########
#o@..#.####........
##.................
#..........##...# #
#...####......#
..##...# #......###.
#...#### #..........
##...#####.....#####
#.......'.†...'....
###+##..###.....#####


You could see an orc wizard, an adder and 3 orcs.

Vanquished Creatures
  An adder (Sewer)
  An endoplasm (Sewer)
  A giant cockroach (D:1)
  A kobold (D:3)
  A quokka (Sewer)
  2 frilled lizards
  A rat (D:3)
8 creatures vanquished.

Vanquished Creatures (collateral kills)
  2 bullfrogs (Sewer)
  5 adders
  A river rat (D:3)
  4 dart slugs
  An orc (D:3)
  7 ball pythons
  6 endoplasms
  12 giant cockroaches
  5 goblins
  2 hobgoblins (D:2)
  4 jackals
  10 quokkas
  2 bats
  7 frilled lizards
  2 kobolds
  6 rats
76 creatures vanquished.

Vanquished Creatures (others)
  A bullfrog (D:4)
  4 gnolls (D:3)
  9 plants (D:3)
14 creatures vanquished.

Grand Total: 98 creatures vanquished

Notes
Turn   | Place    | Note
-------+----------+-------------------------------------------
     0 | D:1      | arthad the Felid Summoner began the quest for the Orb.
     0 | D:1      | Reached XP level 1. HP: 7/7 MP: 4/4
    19 | D:1      | Found Ofe Wuza's Magic Scroll Emporium.
   278 | D:1      | Reached XP level 2. HP: 9/11 MP: 0/6
   349 | D:1      | Learned a level 2 spell: Call Imp
  1086 | D:2      | Reached skill level 5 in Summonings
  1137 | D:2      | Reached XP level 3. HP: 14/14 MP: 4/7
  1145 | D:2      | Learned a level 3 spell: Call Canine Familiar
  1499 | D:2      | Found a faded altar of an unknown god.
  1969 | D:2      | Found Loefu's Distillery.
  1974 | D:2      | Bought a potion of curing for 42 gold pieces
  2029 | D:3      | Reached skill level 1 in Hexes
  2033 | D:3      | Found a shimmering altar of Xom.
  2033 | D:3      | Found a bloodstained altar of Trog.
  2033 | D:3      | Found a blossoming altar of Fedhas.
  2033 | D:3      | Found an iron altar of Okawaru.
  2033 | D:3      | Found a white marble altar of Elyvilon.
  2033 | D:3      | Found a hide-covered altar of Uskayaw.
  2132 | D:3      | Found a glowing drain.
  2174 | D:3      | Reached XP level 4. HP: 6/18 MP: 1/8
  2272 | Sewer    | Entered a sewer
  2812 | Sewer    | Noticed a bullfrog
  2812 | Sewer    | Noticed a bullfrog
  2837 | Sewer    | Slain by a bullfrog
  2838 | Sewer    | Reached XP level 3. HP: -2/14 MP: 7/7
  2853 | Sewer    | Reached XP level 4. HP: 18/18 MP: 5/8
  2855 | Sewer    | Killed a bullfrog
  2856 | Sewer    | Reached XP level 5. HP: 21/21 MP: 5/10
  2860 | Sewer    | Learned a level 3 spell: Summon Guardian Golem
  2911 | Sewer    | Reached skill level 1 in Air Magic
  3496 | D:3      | Reached skill level 1 in Unarmed Combat
  4049 | D:4      | Reached skill level 1 in Fighting
  4049 | D:4      | Gained mutation: You are covered in thick fur. (AC +2)
                  | [Felid growth]
  4049 | D:4      | Reached XP level 6. HP: 25/25 MP: 9/11
  4218 | D:4      | Killed from afar by an orc wizard

Illustrated notes

Levels and vault maps discovered:
D:1:      elethiomel_arrival_quiet, layout_rooms, serial_shops, shop_scrolls
D:2:      layout_loops_ring, serial_shops, nicolae_shop_trees,
          chequers_ecumenical_altar_grove
D:3:      layout_loops_ring, grunt_temple_overflow_open, portal_sewer_entry_c,
          chequers_big_river
D:4:      layout_basic, mainiacjoe_overflow_six_doors_small,
          nicolae_hepliaklqana_monster_ancestors, serial_shops, shop

Skill      XL: |  1  2  3  4  5 |
---------------+----------------+-----
Summonings     | 5 |  5.9
Hexes          | 1 3 |  3.9
Dodging        | 3 |  3.2
Spellcasting   | 3 |  3.1
Air Magic      | 1 |  1.4
Unarmed Combat | 1 |  1.1
Fighting       | 1 |  1.1
Stealth        | |  2.6

Action                     |  1- 3 |  4- 6 || total
---------------------------+-------+-------++-------
  Melee: Unarmed           |    23 |    17 ||    40
         Bite              |       |     1 ||     1
   Cast: Summon Small Mamm |    47 |    13 ||    60
         Call Imp          |    15 |    11 ||    26
         Call Canine Famil |     9 |    21 ||    30
         Summon Guardian G |       |     8 ||     8
    Use: Scroll            |     7 |     1 ||     8
         Potion            |     1 |     3 ||     4
   Stab: Distracted        |     2 |       ||     2
         Sleeping          |       |     2 ||     2
 Armour: Skin              |     1 |     2 ||     3
  Dodge: Dodged            |    48 |    49 ||    97

Table legend: (Time is in decaauts)
 A = Elapsed time spent in this place.
 B = Non-inter-level travel time spent in this place.
 C = Inter-level travel time spent in this place.
 D = Time resting spent in this place.
 E = Time spent auto-exploring this place.
 F = Levels seen in this place.
 G = Mean time per level.
                   A        B        C        D        E       F      G
               +--------+--------+--------+--------+--------+-----+--------+
         Total |   3863 |   3787 |     76 |     48 |   2780 |   5 |  772.6 |
       Dungeon |   3178 |   3102 |     76 |     48 |   2425 |   4 |  794.5 |
         Sewer |    685 |    685 |      0 |      0 |    354 |   1 |  685.0 |
               +--------+--------+--------+--------+--------+-----+--------+

Top non-repeatable levels by time:
     D:3: 1120 daAuts
     D:2: 1036 daAuts
     D:1: 751 daAuts
   Sewer: 685 daAuts
     D:4: 270 daAuts
